 Dungeon Crawl Stone Soup version 0.29.1-1-gd02db6906a (webtiles) character file.

Game seed: 15148712689812484309

79 hawla the Conjurer (level 4, -1/33 HPs)
             Began as a Draconian Conjurer on Oct 20, 2022.
             Slain by a gnoll
             ... wielding a +0 flail
              (11 damage)
             ... on level 2 of the Dungeon.
             The game lasted 00:06:21 (1905 turns).

hawla the Conjurer (Draconian Conjurer)             Turns: 1905, Time: 00:06:21

Health: -1/33      AC:  5    Str:  9    XL:     4   Next: 17%
Magic:  4/7        EV: 12    Int: 21    God:
Gold:   103        SH:  0    Dex:  9    Spells: 5/8 levels left

rFire   . . .      SeeInvis .   (no weapon)
rCold   . . .      Faith    .   (no shield)
rNeg    . . .      Spirit   .   (body armour unavailable)
rPois   .          Reflect  .   (helmet restricted)
rElec   .          Harm     .   (no cloak)
rCorr   .          Rampage  .   (no gloves)
Will    .....                   (no boots)
Stlth   ++........              (no amulet)
HPRegen 0.11/turn               (no ring)
MPRegen 0.10/turn               (no ring)

@: no status effects
A: AC +5, unfitting armour, cold-blooded
a: no special abilities


You were on level 2 of the Dungeon.
You visited 1 branch of the dungeon, and saw 2 of its levels.

You collected 103 gold pieces.

Inventory:

Wands
 d - a wand of flame (8) (quivered)
Scrolls
 c - a scroll of amnesia
 e - a scroll of teleportation
 k - a scroll of identify {unknown}
 m - a scroll of fear {unknown}
Potions
 f - a potion of heal wounds {unknown}
 g - 3 potions of cancellation {unknown}
 h - a potion of haste {unknown}
 i - 3 potions of flight {unknown}
 j - a potion of might {unknown}
 l - a potion of attraction {unknown}


   Skills:
 + Level 2.1 Dodging
 - Level 1.7 Stealth
 + Level 2.5 Spellcasting
 + Level 5.2 Conjurations


You had 5 spell levels left.
You knew the following spells:

 Your Spells              Type           Power      Damage    Failure   Level
a - Magic Dart            Conj           96%        1d7       1%          1
b - Searing Ray           Conj           48%        2d6       2%          2

Your spell library contained the following spells:

 Spells                   Type           Power      Damage    Failure   Level
 Summon Small Mammal      Summ           8%         N/A       14%         1
 Dazzling Flash           Conj/Hex       26%        N/A       14%         3
 Call Canine Familiar     Summ           2%         N/A       38%         3
 Summon Guardian Golem    Hex/Summ       2%         N/A       38%         3
 Fulminant Prism          Conj/Hex       6%         3d7       43%         4
 Iskenderun's Mystic Bla  Conj/Tloc      13%        2d5       43%         4


Dungeon Overview and Level Annotations

Branches:
Dungeon (2/15)

Altars:
Wu Jian


Innate Abilities, Weirdness & Mutations

Your plain brown scales are hard. (AC +5)
You cannot fit into any form of body armour.
You are cold-blooded and may be slowed by cold attacks.


Message History

The gnoll is moderately wounded.
The gnoll closely misses you.
You completely miss the gnoll.
The gnoll is moderately wounded.
The gnoll hits you with a +0 flail. The hobgoblin misses you.
A frilled lizard comes into view.
The frilled lizard hisses angrily.
You hit the gnoll but do no damage.
Your tail-slap misses the gnoll.
The gnoll is moderately wounded.
The gnoll closely misses you. The hobgoblin barely misses you.
You hit the gnoll but do no damage.
The gnoll is moderately wounded.
The gnoll hits you with a +0 flail. The hobgoblin misses you.
You barely miss the gnoll.
You tail-slap the gnoll, but do no damage.
The gnoll is moderately wounded.
The gnoll closely misses you. The hobgoblin closely misses you.
The gnoll hits you with a +0 flail! The hobgoblin hits you.
The gnoll closely misses you. The gnoll hits you with a +0 flail.
The hobgoblin attacks as you move away! The hobgoblin closely misses you.
It was a potion of curing.
You feel better. The gnoll hits you with a +0 flail.
The hobgoblin completely misses you. Magic courses through your body.
The gnoll hits you but does no damage.
The hobgoblin hits you but does no damage.
Casting: Magic Dart (safe; 1% risk of failure)
Confirm with . or Enter, or press ? or * to list all spells.
Aiming: Searing Ray (safe; 2% risk of failure)
Press: ? - help, Shift-Dir - straight line, f/p - gnoll
Aim: a gnoll, wielding a +0 flail and wearing a +1 robe of positive energy (moderately wounded, 82% to hit)
The searing ray hits the gnoll!
The gnoll is severely wounded. (Press . to maintain the ray.)
The gnoll hits you with a +0 flail. The hobgoblin misses you.
The searing ray hits the gnoll but does no damage.
The gnoll is severely wounded.
The searing ray hits the frilled lizard!
You kill the frilled lizard!
The gnoll hits you with a +0 flail!
You die...

# . ## .###.## .##
##....... .
..####.....# ..## ...
..<......## ..# ....
#.....#...# #.# #....
..........## #.###.....
.....[##...####g..)...#
......##.#.....g@).#.#
..........#....#.....#
............##...#...#
..>#.###.......#####.#
.#.........##....###.#
####.#.....###........
.#..........(........#
.#.......#...####.....
.... .##.......)..#
#.... ...†


You could see a gnoll and a hobgoblin.

Vanquished Creatures
  2 gnolls (D:2)
  2 adders (D:2)
  A worm (D:2)
  2 dart slugs
  A ball python (D:2)
  7 bats
  5 endoplasms
  A giant cockroach (D:1)
  5 hobgoblins
  3 kobolds
  2 quokkas (D:1)
  2 frilled lizards
  2 goblins (D:1)
  2 rats
37 creatures vanquished.

Notes
Turn   | Place    | Note
-------+----------+-------------------------------------------
     0 | D:1      | hawla the Draconian Conjurer began the quest for the Orb.
     0 | D:1      | Reached XP level 1. HP: 14/14 MP: 3/3
   324 | D:1      | Reached XP level 2. HP: 20/20 MP: 0/5
   327 | D:1      | Learned a level 2 spell: Searing Ray
  1385 | D:2      | Reached XP level 3. HP: 22/26 MP: 2/6
  1552 | D:2      | Reached skill level 5 in Conjurations
  1868 | D:2      | Found an ornate altar of the Wu Jian Council.
  1887 | D:2      | Reached XP level 4. HP: 33/33 MP: 1/7
  1905 | D:2      | Slain by a gnoll

Illustrated notes

Levels and vault maps discovered:
D:1:      nicolae_arrival_washed_ashore, layout_basic
D:2:      layout_rooms, basic_altar, kennysheep_minor_cross

Skill      XL: |  1  2  3 |
---------------+----------+-----
Dodging        | 2 |  2.1
Conjurations   | 5 |  5.2
Stealth        | |  1.7
Spellcasting   | |  2.5

Action                   |  1- 3 |  4- 6 || total
-------------------------+-------+-------++-------
Melee: Unarmed           |    23 |     5 ||    28
       Tailslap          |       |     1 ||     1
       Punch             |       |     1 ||     1
 Cast: Magic Dart        |    48 |     2 ||    50
       Searing Ray       |    16 |     1 ||    17
  Use: Scroll            |     4 |       ||     4
       Potion            |       |     2 ||     2
Armor: Skin              |    18 |     2 ||    20
Dodge: Dodged            |    29 |    11 ||    40
